 Dungeon Crawl Stone Soup version 0.20.0 (webtiles) character file.

116 MatthieuS the Conjurer (level 4, -2/24 HPs)
             Began as a Deep Elf Conjurer on June 13, 2017.
             Slain by Crazy Yiuf
             ... wielding a +3 quarterstaff of chaos
              (5 damage)
             ... on level 2 of the Dungeon.
             The game lasted 00:07:06 (1775 turns).

MatthieuS the Conjurer (Deep Elf Conjurer)          Turns: 1775, Time: 00:07:06

Health: -2/24      AC:  6    Str:  6    XL:     4   Next: 69%
Magic:  3/11       EV: 13    Int: 20    God:
Gold:   120        SH:  0    Dex: 15    Spells: 0/10 levels left

rFire    . . .     SeeInvis .   w - +1 hunting sling
rCold    . . .     Gourm    .   (no shield)
rNeg     . . .     Faith    .   q - +0 robe
rPois    .         Spirit   .   r - +0 helmet
rElec    .         Reflect  .   (no cloak)
rCorr    .         Harm     .   (no gloves)
MR       .....                  (no boots)
Stlth    ++........             (no amulet)
Regen    0.1/turn               m - +3 ring of protection
MPRegen  0.2/turn               (no ring)

@: slowed, drained, very slow
A: no striking features
a: no special abilities


You were on level 2 of the Dungeon.
You were hungry.

You visited 1 branch of the dungeon, and saw 2 of its levels.

You collected 120 gold pieces.

Inventory:

Hand Weapons
 a - a +0 dagger
 w - a +1 hunting sling (weapon)
Missiles
 s - 8 stones (quivered)
Armour
 q - a +0 robe (worn)
 r - a +0 helmet (worn)
Jewellery
 m - a +3 ring of protection (left hand)
Scrolls
 e - 2 scrolls of enchant weapon
 h - a scroll of enchant armour {unknown}
 i - a scroll of fear {unknown}
 k - 2 scrolls of teleportation {unknown}
 o - a scroll of immolation {unknown}
Potions
 f - a potion of cancellation {unknown}
 g - 2 potions of mutation {unknown}
 p - 2 potions of agility {unknown}
Books
 b - a book of Conjurations

   Spells                             Type                      Level
   a - Magic Dart                     Conjuration                  1
   b - Searing Ray                    Conjuration                  2
   c - Dazzling Spray                 Conjuration/Hexes            3
   d - Fulminant Prism                Conjuration/Hexes            4
   e - Force Lance                    Conjuration/Translocation    4
   f - Iskenderun's Mystic Blast      Conjuration                  4
Comestibles
 c - 2 bread rations
 d - a royal jelly
 j - 3 fruits
 l - a meat ration
 n - a chunk of flesh


   Skills:
 + Level 2.7(2.3) Dodging
 - Level 3.0(2.6) Stealth
 + Level 3.9(3.5) Spellcasting
 + Level 6.0(5.6) Conjurations


You couldn't memorise any spells.
You knew the following spells:

 Your Spells              Type           Power        Failure   Level  Hunger
a - Magic Dart            Conj           ####         1%          1    None
b - Searing Ray           Conj           ####..       1%          2    ##.....
c - Dazzling Spray        Conj/Hex       ##....       13%         3    ###....
d - Fulminant Prism       Conj/Hex       ##........   38%         4    ####...


Dungeon Overview and Level Annotations

Branches:
Dungeon (2/15)

Altars:
Trog

Annotations:
D:2 Crazy Yiuf


Message History

Crazy Yiuf is no longer blind.
Crazy Yiuf hits you with a quarterstaff of chaos.
Crazy Yiuf hits you with a quarterstaff of chaos!
Ouch! That really hurt!
* * * LOW HITPOINT WARNING * * *
You feel drained.
* * * LOW HITPOINT WARNING * * *
Firing (i - inventory):
s - 10 stones (quivered)
Press: ? - help, Shift-Dir - straight line, f/p - Crazy Yiuf
Aim: Crazy Yiuf, wielding a quarterstaff of chaos and wearing a runed cloak (almost dead)
You shoot a stone.
The stone hits Crazy Yiuf but does no damage.
Crazy Yiuf is almost dead.
Crazy Yiuf closely misses you.
Firing (i - inventory):
s - 9 stones (quivered)
Press: ? - help, Shift-Dir - straight line, f/p - Crazy Yiuf
Aim: Crazy Yiuf, wielding a quarterstaff of chaos and wearing a runed cloak (almost dead)
You shoot a stone. The stone closely misses Crazy Yiuf.
Crazy Yiuf hits you with a quarterstaff of chaos.
You die...

...(................# #.#.#)...
...).............#### ##.#.<#...
...##.###...........####......###
...##.# ##..##......+............
####### ##########.#.........###
. #)÷.>.).....# ##
♣♣♣♣♣###.....)....# ###
♣♣♣.♣gP..#......)####
#...#♣((♣.P@.....####.###
#...'.♣♣♣♣P....)........# #)..#♣♣
♣♣.............#### # ###
♣♣##..####........ # #..#
#........ # #..# #.##..... #
######..# #........ #
#.#.##..##########.. ######
#...##....##....####


You could see Crazy Yiuf.

Vanquished Creatures
  Robin (D:2)
  5 adders
  An ooze (D:1)
  2 worms (D:2)
  2 leopard geckos (D:1)
  4 giant cockroaches
  12 goblins
  6 hobgoblins
  4 kobolds
  A quokka (D:1)
  2 bats
  2 frilled lizards (D:2)
  8 rats
50 creatures vanquished.

Notes
Turn   | Place    | Note
-------+----------+-------------------------------------------
     0 | D:1      | MatthieuS the Deep Elf Conjurer began the quest for the Orb.
     0 | D:1      | Reached XP level 1. HP: 10/10 MP: 6/6
   211 | D:1      | Reached XP level 2. HP: 15/15 MP: 1/8
   321 | D:1      | Reached skill level 5 in Conjurations
   553 | D:1      | Reached XP level 3. HP: 19/19 MP: 7/9
   928 | D:2      | Noticed a moth of wrath
   931 | D:2      | Found a bloodstained altar of Trog.
  1101 | D:2      | Reached XP level 4. HP: 22/24 MP: 2/11
  1297 | D:2      | Learned a level 2 spell: Searing Ray
  1301 | D:2      | Learned a level 3 spell: Dazzling Spray
  1306 | D:2      | Learned a level 4 spell: Fulminant Prism
  1410 | D:2      | Noticed Robin
  1458 | D:2      | Killed Robin
  1458 | D:2      | Reached skill level 6 in Conjurations
  1749 | D:2      | Found a runed door.
  1756 | D:2      | Noticed Crazy Yiuf
  1775 | D:2      | Slain by Crazy Yiuf

Skill      XL: |  1  2  3  4 |
---------------+-------------+-----
Conjurations   | 5 6 |  6.0
Stealth        | 3 |  3.0
Dodging        | |  2.7
Spellcasting   | |  3.9

Action                   |  1- 3 |  4- 6 || total
-------------------------+-------+-------++-------
 Fire: Hunting sling     |       |     8 ||     8
 Cast: Magic Dart        |    65 |    44 ||   109
       Dazzling Spray    |       |     3 ||     3
  Use: Scroll            |       |     1 ||     1
  Eat: Chunk             |       |     2 ||     2
Armor: Robe              |     3 |     3 ||     6
Dodge: Dodged            |     6 |     9 ||    15
